 Dungeon Crawl Stone Soup version 0.28.0 (webtiles) character file.

Game seed: 4615837004613160786

1380 issech the Cudgeller (level 8, -2/79 HPs)
             Began as a Troll Monk on Feb 6, 2022.
             Slain by a troll (15 damage)
             ... on level 5 of the Dungeon.
             The game lasted 00:16:48 (3981 turns).

issech the Cudgeller (Troll Monk)                   Turns: 3981, Time: 00:16:49

Health: -2/79      AC:  4    Str: 20    XL:     8   Next: 39%
Magic:  7/7        EV: 10    Int:  8    God:
Gold:   243        SH:  8    Dex: 14    Spells: 7/7 levels left

rFire   . . .      SeeInvis .   v - +8 mace of Toothy Indomitability {vorpal, rCorr Int+2}
rCold   . . .      Faith    .   m - +0 kite shield
rNeg    . . .      Spirit   .   b - +0 robe
rPois   .          Reflect  .   (helmet restricted)
rElec   .          Harm     .   (no cloak)
rCorr   +          Rampage  .   (gloves unavailable)
Will    .....                   (boots unavailable)
Stlth   ++........              (no amulet)
HPRegen 1.03/turn               (no ring)
MPRegen 0.10/turn               (no ring)

@: no status effects
A: large, unfitting armour, claws 3, regeneration 1, shaggy fur 1, tough skin 1
a: no special abilities


You were on level 5 of the Dungeon.
You visited 1 branch of the dungeon, and saw 5 of its levels.
You also visited: Sewer.

You collected 243 gold pieces.

Inventory:

Hand Weapons
 a - a +2 dagger of draining
 f - a +0 dagger of draining
 i - a +0 shortbow
 l - a +0 hunting sling
 p - a +2 dagger of venom
 q - a +0 whip of flaming
 u - a +2 mace of protection
 v - the +8 mace of Toothy Indomitability (weapon) {vorpal, rCorr Int+2}
   (You found it on level 3 of the Dungeon)

   It inflicts extra damage upon your enemies.
   Int:       It affects your intelligence (+2).
   rCorr:     It protects you from acid and corrosion.
 y - a +0 hand crossbow
 D - a +2 vampiric spear
 K - a +2 dagger of electrocution
 M - a +1 flail of protection
 N - a +0 morningstar
 P - a +2 vorpal flail
 Q - a +0 dagger of freezing
Missiles
 d - 57 arrows
 j - 100 stones (quivered)
 r - 19 poisoned darts
 x - 38 bolts
 B - a curare-tipped dart
 F - 3 silver boomerangs
Armour
 b - a +0 robe (worn)
 m - a +0 kite shield (worn)
 C - the +9 plate armour "Put-Me-On" {rElec rCorr SInv}
   (You found it on level 3 of the Dungeon)

   rElec:     It insulates you from electricity.
   SInv:      It lets you see invisible.
   rCorr:     It protects you from acid and corrosion.
Jewellery
 R - an amulet of regeneration
Scrolls
 c - 2 scrolls of enchant weapon
 e - 4 scrolls of teleportation
 n - 2 scrolls of magic mapping
 o - a scroll of noise
 t - a scroll of silence
 z - a scroll of blinking
 H - 2 scrolls of fog
 I - a scroll of summoning {unknown}
 J - a scroll of identify
Potions
 g - 3 potions of lignification {unknown}
 h - 5 potions of curing {unknown}
 k - a potion of magic {unknown}
 s - 2 potions of flight {unknown}
 w - a potion of cancellation {unknown}
 A - a potion of invisibility {unknown}
 E - a potion of heal wounds {unknown}
 G - a potion of degeneration {unknown}
 L - a potion of brilliance {unknown}
 O - 2 potions of attraction {unknown}


   Skills:
 + Level 4.5 Fighting
 + Level 6.7 Maces & Flails
 + Level 4.4 Dodging
 + Level 1.7 Stealth
 + Level 2.8 Shields


You had 7 spell levels left.
You didn't know any spells.
Your spell library was empty.

Dungeon Overview and Level Annotations

Branches:
Dungeon (5/15)              Sewer (visited)
 Temple: D:4-7

Altars:
Fedhas
Wu Jian


Innate Abilities, Weirdness & Mutations

You are too large for most types of armour.
You have claws for hands.
Your natural rate of healing is unusually fast.
You are covered in fur. (AC +1)
You have tough skin. (AC +1)


Message History

You sock the scorpion!
You kill the scorpion!
You barely miss the iguana. The iguana barely misses you.
You sock the iguana!
The iguana is severely wounded.
The iguana closely misses you. The iguana bites you.
You thump the iguana!
You kill the iguana!
Items here: )) [ ††.
P - a +2 vorpal flail
There is an open door, spattered with blood here.
Things that are here:
a +0 dagger; a +0 robe
Things that are here:
a +0 trident; a +0 dagger of freezing; a +0 robe
Q - a +0 dagger of freezing You start resting.
HP restored.
R - an amulet of regeneration
There is an open door here.
There is a stone staircase leading down here.
A troll comes into view.
The troll shouts!
The troll bites you!! You block the troll's attack. The troll claws you!
You see here 25 stones.
You sock the troll!
The troll is moderately wounded.
The troll barely misses you. You block the troll's attack. x2
The troll bites you. The troll closely misses you. The troll claws you.
You barely miss the troll.
The troll is lightly wounded.
The troll bites you! The troll claws you! You block the troll's attack.
You block the troll's attack. The troll claws you! The troll claws you.
You barely miss the troll. The troll bites you!!
* * * LOW HITPOINT WARNING * * *
The troll claws you!
* * * LOW HITPOINT WARNING * * *
The troll barely misses you. The troll bites you!
You die...

....)))..'..>.....#.#.##..#.#.#
######...#####.#..#.#.##....# #
#...# #T#..#.........# #...#
#.#..###.##.##.# #...# #.#..#
#.# ...... #...# #.#..# #.#
....#.# #...# #.#..###.....
.... #...# #.#T....... # #...#
#.#@#####.. #...#####.#.# ..
#...#.....#.########.##
#####.###......(.......
#.#..........## #.############
#.# ..# ###


You could see a troll.

Vanquished Creatures
  Edmund (D:5)
  2 necrophages (D:5)
  4 kobold brigands (Sewer)
  2 phantoms (D:4)
  A scorpion (D:5)
  A bullfrog skeleton (D:5)
  A hound (D:5)
  4 orc priests
  A centaur skeleton (D:5)
  An iguana (D:5)
  6 orc wizards
  7 adders
  2 river rats (Sewer)
  8 worms
  A dart slug (D:1)
  21 orcs
  9 ball pythons
  2 bats (D:1)
  10 endoplasms
  8 giant cockroaches
  3 hobgoblins
  3 jackals (D:3)
  3 quokkas
  2 frilled lizards (D:1)
  5 goblins
  16 kobolds
  8 rats
132 creatures vanquished.

Notes
Turn   | Place    | Note
-------+----------+-------------------------------------------
     0 | D:1      | issech the Troll Monk began the quest for the Orb.
     0 | D:1      | Reached XP level 1. HP: 22/22 MP: 0/0
   155 | D:1      | Reached XP level 2. HP: 29/29 MP: 1/1
   218 | D:1      | Reached skill level 3 in Maces & Flails
   737 | D:1      | Reached XP level 3. HP: 33/36 MP: 2/2
  1495 | D:3      | Reached XP level 4. HP: 44/44 MP: 3/3
  1630 | D:3      | Found a blossoming altar of Fedhas.
  1770 | D:3      | Found a glowing drain.
  1783 | D:3      | Identified the +8 mace of Toothy Indomitability {vorpal,
                  | rCorr Int+2}
  1806 | Sewer    | Entered a sewer
  1894 | Sewer    | Noticed a kobold brigand
  1905 | Sewer    | Killed a kobold brigand
  1906 | Sewer    | Reached skill level 4 in Maces & Flails
  1906 | Sewer    | Reached XP level 5. HP: 47/53 MP: 4/4
  2066 | Sewer    | Reached skill level 1 in Shields
  2085 | Sewer    | Reached XP level 6. HP: 52/61 MP: 5/5
  2398 | Sewer    | Reached skill level 5 in Maces & Flails
  2448 | D:3      | Identified the +9 plate armour "Put-Me-On" {rElec rCorr
                  | SInv}
  2663 | D:3      | Reached XP level 7. HP: 38/68 MP: 6/6
  2915 | D:4      | Found an ornate altar of the Wu Jian Council.
  3346 | D:5      | Entered Level 5 of the Dungeon
  3350 | D:5      | Reached skill level 6 in Maces & Flails
  3493 | D:5      | Noticed Edmund
  3502 | D:5      | Killed Edmund
  3503 | D:5      | Reached XP level 8. HP: 51/78 MP: 7/7
  3949 | D:5      | Noticed a troll
  3981 | D:5      | Slain by a troll

Illustrated notes

Levels and vault maps discovered:
D:1:      dpeg_arrival_boxorama, layout_basic, minmay_misc_feat_rows
D:2:      layout_rooms
D:3:      layout_loops_ring, general_overflow_altar, gup_sewer_entry_glass,
          dk_noncrumbling_4, grunt_ministairs_6
D:4:      layout_gridville, overflow_temple_1_default, mainiacjoe_overflow_paths
D:5:      layout_basic, uniq_edmund

Skill      XL: |  1  2  3  4  5  6  7 |
---------------+----------------------+-----
Maces & Flails | 3 4 5 6 |  6.7
Fighting       | 3 4 |  4.5
Dodging        | 3 4 |  4.4
Shields        | 1 2 |  2.8
Stealth        | |  1.7

Action                   |  1- 3 |  4- 6 |  7- 9 || total
-------------------------+-------+-------+-------++-------
Melee: Mace              |   161 |   112 |   102 ||   375
       Punch             |     1 |       |       ||     1
  Use: Scroll            |     2 |     2 |     3 ||     7
 Stab: Sleeping          |     1 |     1 |     1 ||     3
Armor: Robe              |    64 |    26 |    30 ||   120
Dodge: Dodged            |   104 |    49 |    49 ||   202
Block: Kite shield       |    18 |    39 |    48 ||   105
